 Dungeon Crawl Stone Soup version 0.18.1-48-g4cf74bf (webtiles) character file.

100 Dickchan the Slasher (level 4, -3/42 HPs)
             Began as a Naga Berserker on July 30, 2016.
             Was a Believer of Trog.
             Slain by Natasha (6 damage)
             ... on level 1 of the Dungeon.
             The game lasted 00:02:40 (1424 turns).

Dickchan the Slasher (Naga Berserker)               Turns: 1424, Time: 00:02:41

Health: -3/42      AC:  3    Str: 20    XL:     4   Next: 73%
Magic:  4/4        EV:  9    Int:  8    God:    Trog [**....]
Gold:   56         SH:  0    Dex: 10    Spells: 0 memorised, 3 levels left

rFire  . . .     SeeInvis +     a - +0 falchion
rCold  . . .     Gourm    .     b - +0 animal skin
rNeg   . . .     Faith    .     (no shield)
rPois  +         Spirit   .     g - +1 hat
rElec  .         Dismiss  .     (no cloak)
rCorr  .         Reflect  .     (no gloves)
SustAt .         Harm     .     (no barding)
MR     ++...                    (no amulet)
Stlth  +.........               (no ring)
                                (no ring)

@: exhausted, regenerating, slowed, very slow, very resistant to hostile
enchantments, very unstealthy
A: see invisible, deformed body, poison resistance, slowness 2, slow metabolism
1, spit poison 2, AC +1
a: Spit Poison, Berserk, Trog's Hand, Burn Spellbooks, Renounce Religion


You were on level 1 of the Dungeon.
You worshipped Trog.
Trog was pleased with you.
You were hungry.

You visited 1 branch of the dungeon, and saw 2 of its levels.

You collected 56 gold pieces.

Inventory:

Hand Weapons
 a - a +0 falchion (weapon)
 h - a +1 whip of freezing
Missiles
 l - a stone (quivered)
Armour
 b - a +0 animal skin (worn)
 g - a +1 hat (worn)
Scrolls
 e - 2 scrolls of identify {unknown}
 k - a scroll of magic mapping {unknown}
 m - 2 scrolls of teleportation {unknown}
 n - a scroll of random uselessness {unknown}
Potions
 d - a potion of resistance {unknown}
 i - 3 potions of haste {unknown}
 j - a potion of degeneration {unknown}
Comestibles
 c - 2 bread rations
 f - a meat ration


   Skills:
 - Level 3.0 Fighting
 + Level 5.3 Long Blades
 - Level 1.5 Armour
 - Level 1.5 Dodging


You had 3 spell levels left.
You didn't know any spells.

Dungeon Overview and Level Annotations

Branches:
Dungeon (2/15)

Altars:

Annotations:
D:1 Natasha


Innate Abilities, Weirdness & Mutations

You cannot wear boots.
Your serpentine skin is tough (AC +1).
You have supernaturally acute eyesight.
Armour fits poorly on your strangely shaped body.
Your system is resistant to poisons.
You cover ground very slowly.
You have a slow metabolism.
You can spit poison.


Message History

Natasha, Servant of Life and Death appears from thin air!
Natasha, Servant of Life and Death comes into view.
Natasha mumbles some strange words.
Natasha stares at you and mumbles some strange words.
You feel as though you will be slow longer.
The white imp hits you but does no damage.
Natasha stares at you and mumbles some strange words.
The magic dart hits you! The white imp hits you. The white imp freezes you.
There is an escape hatch in the ceiling, spattered with blood here.
Natasha claws you.
The white imp hits you but does no damage.
Natasha claws you!
* * * LOW HITPOINT WARNING * * *
A mysterious force pulls you upwards. The hatch slams shut behind you.
Your skin crawls.
You feel resistant to hostile enchantments.
You feel slightly more hungry. Natasha claws you.
* * * LOW HITPOINT WARNING * * *
Natasha claws you.
You die...

.### #............##.......# ...#
###............##.......# ...#
#.+............##.......#
...###.#.....................#
.....#.#.....#....#.........)#
...#.#.#######....#.##......#####
.†..................###..........
##.#...........h..#.....#######.#
#........######@........# #.#
#..####.................# #.#
#..#.##...#####.#.......# #.#
##..#.##.........#.......# #.#
....#.##.................######.#
......................>.#.#.....#
##..........#....##.###(..#.#####
........(........................
###################.###)..#######


You could see Natasha.

Vanquished Creatures
  Natasha (D:2)
  2 adders (D:2)
  An ooze (D:1)
  3 dart slugs (D:1)
  4 giant geckos
  2 giant cockroaches (D:1)
  3 goblins (D:1)
  4 hobgoblins
  9 kobolds
  2 ball pythons
  5 bats
  3 giant newts (D:1)
  6 rats
45 creatures vanquished.

Notes
Turn   | Place    | Note
--------------------------------------------------------------
     0 | D:1      | Dickchan the Naga Berserker began the quest for the Orb.
     0 | D:1      | Reached XP level 1. HP: 21/21 MP: 1/1
    62 | D:1      | Reached XP level 2. HP: 22/28 MP: 2/2
   386 | D:1      | Reached skill level 4 in Long Blades
   645 | D:1      | Reached ** piety under Trog
   645 | D:1      | Reached XP level 3. HP: 28/34 MP: 3/3
  1184 | D:2      | Reached XP level 4. HP: 36/42 MP: 4/4
  1353 | D:2      | Reached skill level 5 in Long Blades
  1402 | D:2      | Noticed Natasha
  1409 | D:2      | Killed Natasha
  1418 | D:2      | Noticed Natasha
  1423 | D:1      | HP: 1/42 [Natasha (6)]
  1424 | D:1      | Slain by Natasha

Skill      XL: |  1  2  3  4 |
---------------+-------------+-----
Long Blades    | 4 5 |  5.3
Fighting       | |  3.0
Armour         | |  1.5
Dodging        | |  1.5

Action                   |  1- 3 |  4- 6 || total
-------------------------+-------+-------++-------
Melee: Falchion          |   111 |    25 ||   136
Invok: Berserk           |     3 |     1 ||     4
       Trog's Hand       |       |     1 ||     1
  Eat: Chunk             |     2 |     2 ||     4
Armor: Animal skin       |    31 |    11 ||    42
Dodge: Dodged            |    69 |    15 ||    84
